 Dungeon Crawl Stone Soup version 0.30.1-9-gdf580d7c3d (webtiles) character file.

Game seed: 9793424400951892686

3901 KittyFluff the Protected (level 10, -5/91 HPs)
             Began as a Gargoyle Berserker on Oct 5, 2023.
             Was an Elder of Trog.
             Slain by Maurice
             ... wielding a +0 short sword
              (7 damage)
             ... on level 8 of the Dungeon.
             The game lasted 00:37:21 (8474 turns).

KittyFluff the Protected (Gargoyle Berserker)       Turns: 8474, Time: 00:37:22

Health: -5/91      AC: -2    Str: 20    XL:     10   Next: 20%
Magic:  10/10      EV: 13    Int:  9    God:    Trog [****..]
Gold:   0          SH:  4    Dex: 13    Spells: 9/9 levels left

rFire   + . .        a - +3 flail
rCold   . . .        L - +0 buckler
rNeg    + + +        V - +1 leather armour {rF+}
rPois   ∞            (no helmet)
rElec   +            p - +0 cloak {rPois}
rCorr   .            (no gloves)
SInv    .            (no boots)
Will    .....        j - amulet of the acrobat Stlth
                     M - ring of positive energy
HPRegen 0.35/turn    C - ring of positive energy
MPRegen 0.12/turn

%: acrobat
@: berserking, corroded, very quick
A: sickness immunity, AC +7, negative energy resistance 1, electricity
resistance, torment resistance 1, petrification resistance
a: Renounce Religion, Berserk, Trog's Hand, Brothers in Arms


You were on level 8 of the Dungeon.
You worshipped Trog.
Trog was greatly pleased with you.
You visited 1 branch of the dungeon, and saw 8 of its levels.
You also visited: Sewer.

You collected 56 gold pieces.
You spent 56 gold pieces at shops.

Inventory:

Hand Weapons
 a - a +3 flail (weapon)
 e - a +0 quarterstaff
 u - a +0 morningstar
 y - a +0 sling of flaming
Missiles
 h - 24 poisoned darts (quivered)
 r - 3 javelins
 x - a throwing net
 E - a curare-tipped dart
 J - 5 boomerangs
Armour
 f - a +1 robe of willpower
 p - a +0 cloak of poison resistance (worn)
 t - a +2 robe of cold resistance
 L - a +0 buckler (worn)
 V - a +1 leather armour of fire resistance (worn)
Jewellery
 j - an amulet of the acrobat (around neck)
 C - a ring of positive energy (right hand)
 D - an amulet of magic regeneration
 M - a ring of positive energy (left hand)
 R - a ring of flight
Wands
 n - a wand of polymorph (10)
 G - a wand of mindburst (9)
 H - a wand of roots (3)
 S - a wand of flame (4)
Scrolls
 b - a scroll of enchant weapon {unknown}
 d - a scroll of vulnerability {unknown}
 g - 2 scrolls of identify
 i - 3 scrolls of noise {unknown}
 m - a scroll of torment {unknown}
 q - a scroll of silence {unknown}
 s - 4 scrolls of amnesia {unknown}
 w - 2 scrolls of fog {unknown}
 z - a scroll of poison {unknown}
 A - a scroll of fear {unknown}
 I - 3 scrolls of blinking {unknown}
 O - a scroll of brand weapon {unknown}
 T - a scroll of teleportation {unknown}
 U - a scroll of immolation {unknown}
 W - a scroll of magic mapping {unknown}
Potions
 c - 4 potions of curing
 k - a potion of invisibility
 l - a potion of mutation
 o - 3 potions of might
 v - a potion of ambrosia
 B - 2 potions of heal wounds
 F - 3 potions of flight
 K - 3 potions of haste
 N - a potion of magic
 P - a potion of attraction


   Skills:
 + Level 6.9 Fighting
 * Level 8.7 Maces & Flails
 * Level 9.3 Armour
 + Level 5.0 Dodging
 + Level 3.1 Shields


You had 9 spell levels left.
You didn't know any spells.
Your spell library was empty.

Dungeon Overview and Level Annotations

Branches:
Dungeon (8/15)             Temple (0/1) D:5           Sewer (visited)
   Lair: D:8-11

Altars:
Ashenzari
Nemelex Xobeh
Okawaru
Qazlal
Ru
Uskayaw
Vehumet
Wu Jian
Xom
Zin
The Shining One

Shops:
D:4 (

Annotations:
D:8 Maurice


Innate Abilities, Weirdness & Mutations

You are immune to sickness and miasma.
Your stone body is resilient. (AC +7)
You are immune to poison.
You resist negative energy. (rN+)
You are resistant to electric shocks. (rElec)
You are resistant to unholy torment.
You are immune to petrification.


Message History

Maurice casts a spell.
Maurice flickers and vanishes!
Deactivating autopickup; reactivate with Ctrl-A.
You closely miss something.
You hear a zap.
A bolt of acid appears from out of thin air!
The bolt of acid hits you! The acid corrodes you!
You miss something. Something hits you.
Something steals 324 gold pieces!
You now have 0 gold pieces.
You miss something.
You hear some strange, mumbled words.
You hit something. Something hits you but does no damage.
You miss something.
You hear some strange, mumbled words.
You hear a zap.
A bolt of acid appears from out of thin air!
The bolt of acid misses you.
You hear a zap.
A bolt of acid appears from out of thin air!
The bolt of acid hits you! The acid corrodes you!
You miss something.
You hear a zap.
A bolt of acid appears from out of thin air!
The bolt of acid hits you!
* * * LOW HITPOINT WARNING * * *
The acid corrodes you!
A red film seems to cover your vision as you go berserk!
You feel yourself moving faster!
You feel mighty!
You hear a zap.
A bolt of acid appears from out of thin air!
The bolt of acid hits you!
* * * LOW HITPOINT WARNING * * *
You miss something. Something hits you!
* * * LOW HITPOINT WARNING * * *
Something steals your +1 mace of holy wrath!
You barely miss something. Something hits you.
* * * LOW HITPOINT WARNING * * *
Something steals 15 of your 39 poisoned darts!
You barely miss something. Something hits you!
You die...

####.............#
#....#####......... ##..##
###....... ##.## ....##
#..## ##... #...## #...#
##....#####...#####.
#.......#...{....... .
##.###..>....@....... ##
#..# ##..........##...). #.
##.########.......##.....#
##.
#.......###.....###.....#
#.. ###............###.....#
##.. #...................#
##... ##..................##
#....
#..#####............####....
#..## ###..................


There were no monsters in sight!

Vanquished Creatures
  A wyvern (D:7)
  2 yaks (D:7)
  Duvessa (D:6)
  2 orc warriors
  A black bear (D:5)
  An ice beast (D:6)
  3 ogres
  A centaur (D:6)
  A phantom (D:5)
  5 kobold brigands
  Blork the orc (D:5)
  3 scorpions
  2 bullfrogs
  Dowan (D:6)
  6 killer bees (D:8)
  A howler monkey (D:7)
  6 hounds
  5 orc priests
  3 gnoll boudas
  4 sleepcaps
  Jessica (D:3)
  Terence (D:3)
  11 iguanas
  5 orc wizards
  The ghost of leafyfresh the Covert, a weakling GnDe (D:5)
  20 gnolls
  9 adders
  4 river rats
  2 white imps
  An ufetubus (D:4)
  A worm (D:4)
  2 dart slugs
  25 orcs
  7 bats
  6 endoplasms
  10 giant cockroaches
  7 goblins
  10 hobgoblins
  11 jackals
  A quokka (D:1)
  5 ball pythons
  2 frilled lizards (D:3)
  26 kobolds
  5 rats
223 creatures vanquished.

Vanquished Creatures (others)
  2 orc wizards (D:6)
2 creatures vanquished.

Grand Total: 225 creatures vanquished

Notes
Turn   | Place    | Note
-------+----------+-------------------------------------------
     0 | D:1      | KittyFluff the Gargoyle Berserker began the quest for the
                  | Orb.
     0 | D:1      | Reached XP level 1. HP: 14/14 MP: 1/1
   101 | D:1      | Reached XP level 2. HP: 2/19 MP: 2/2
   233 | D:1      | Found a faded altar of an unknown god.
   616 | D:1      | Reached XP level 3. HP: 16/23 MP: 3/3
   820 | D:2      | Reached skill level 3 in Armour
  1097 | D:2      | Reached XP level 4. HP: 25/28 MP: 4/4
  1262 | D:2      | Reached ** piety under Trog
  1602 | D:3      | Noticed Jessica
  1628 | D:3      | Killed Jessica
  1688 | D:3      | Noticed Terence
  1696 | D:3      | Killed Terence
  1697 | D:3      | Reached XP level 5. HP: 20/33 MP: 5/5
  1817 | D:3      | Reached skill level 4 in Armour
  2176 | D:3      | Reached XP level 6. HP: 37/38 MP: 6/6
  2272 | D:4      | Found an iron altar of Okawaru.
  2311 | D:4      | Reached *** piety under Trog
  2594 | D:4      | Reached skill level 5 in Maces & Flails
  2594 | D:4      | Reached skill level 5 in Armour
  2594 | D:4      | Reached XP level 7. HP: 43/44 MP: 7/7
  2759 | D:4      | Found Bosyll's Weapon Shoppe.
  2933 | D:4      | Bought a +0 sling of flaming for 56 gold pieces
  2942 | D:5      | Entered Level 5 of the Dungeon
  2942 | D:5      | Noticed Blork the orc
  2954 | D:5      | Killed Blork the orc
  3031 | D:5      | Found a runed translucent gate.
  3034 | D:5      | Found a runed translucent gate.
  3035 | D:5      | Found a runed translucent gate.
  3036 | D:5      | Noticed leafyfresh's ghost (weakling GnDe)
  3160 | D:5      | Found a staircase to the Ecumenical Temple.
  3191 | D:5      | Reached skill level 6 in Armour
  3279 | D:5      | Reached XP level 8. HP: 41/48 MP: 8/8
  3321 | D:5      | Found a glowing drain.
  3328 | Sewer    | Entered a sewer
  3351 | Sewer    | Reached skill level 5 in Fighting
  3539 | Sewer    | Found a glowing silver altar of Zin.
  3809 | D:5      | Found a sacrificial altar of Ru.
  3846 | D:5      | Found a sparkling altar of Nemelex Xobeh.
  4077 | D:5      | Reached **** piety under Trog
  4094 | D:5      | Killed leafyfresh's ghost
  4444 | D:5      | Found a broken altar of Ashenzari.
  4537 | D:5      | Reached skill level 7 in Armour
  4782 | D:6      | Found a glowing silver altar of Zin.
  4833 | D:6      | Reached XP level 9. HP: 21/55 MP: 9/9
  5156 | D:6      | Found a glowing golden altar of the Shining One.
  5283 | D:6      | Noticed Duvessa
  5283 | D:6      | Noticed Dowan
  5305 | D:6      | Killed Duvessa
  5327 | D:6      | Killed Dowan
  5328 | D:6      | Reached skill level 8 in Armour
  5565 | D:6      | Reached skill level 1 in Shields
  7606 | D:8      | Reached skill level 9 in Armour
  7606 | D:8      | Reached XP level 10. HP: 34/61 MP: 10/10
  7870 | D:8      | Found a stormy altar of Qazlal.
  7926 | D:8      | Found a shimmering altar of Xom.
  7927 | D:8      | Found a hide-covered altar of Uskayaw.
  7930 | D:8      | Found an ornate altar of the Wu Jian Council.
  7930 | D:8      | Found a radiant altar of Vehumet.
  8243 | D:7      | Reached skill level 5 in Dodging
  8453 | D:8      | Noticed Maurice
  8473 | D:8      | HP: 2/91 [something (3)]
  8474 | D:8      | Slain by Maurice

Illustrated notes

Levels and vault maps discovered:
D:1:      mrwooster_arrival_statue, layout_basic,
          shapermc_ecumenical_altar_mp_highgroup, minmay_fountain_box,
          corner_web_ring
D:2:      layout_basic, grunt_ministairs_1, minmay_misc_feat_diagonals
D:3:      minmay_chambers_of_threes, layout_rooms, minivault_5, uniq_jessica,
          uniq_terence
D:4:      layout_basic, okawaru_ov_weapons_minmay, serial_shops,
          nicolae_shop_window_shopping, kennysheep_generic_room_15
D:5:      layout_basic, kennysheep_mini_moat, ashenzari_conservatory_becter,
          nicolae_ru_awakened_eye, minmay_temple_entry_statues_pillars,
          gammafunk_ghost_nasty_kobolds, gup_sewer_entry_bubbles,
          minmay_hedge_maze, uniq_blork_the_orc
D:6:      layout_basic, mainiacjoe_overflow_concentric_impassable,
          kennysheep_mini, grunt_ministairs_13, uniq_crazy_yiuf_cottage,
          uniq_duvessa
D:7:      layout_loops_ring, kennysheep_generic_room_9
D:8:      layout_layer_cave, mainiacjoe_overflow_six_doors_small,
          grunt_temple_overflow_open, hangedman_decor_growths,
          chequers_hall_statues_y, uniq_maurice

Skill      XL: |  1  2  3  4  5  6  7  8  9 10 |
---------------+-------------------------------+-----
Armour         | 3 4 5 6 7 9 |  9.3
Dodging        | 2 3 4 5 |  5.0
Maces & Flails | 4 5 7 8 |  8.7
Fighting       | 4 5 6 |  6.9
Shields        | 2 3 |  3.1

Action                     |  1- 3 |  4- 6 |  7- 9 | 10-12 || total
---------------------------+-------+-------+-------+-------++-------
  Melee: Mace              |   102 |   168 |   596 |       ||   866
         Punch             |       |     1 |     8 |       ||     9
         Flail             |       |       |   188 |    83 ||   271
   Fire: Sling             |       |       |    70 |       ||    70
 Invoke: Berserk           |     2 |       |     2 |     2 ||     6
    Use: Scroll            |       |     5 |     3 |     1 ||     9
         Potion            |       |       |       |     2 ||     2
   Stab: Sleeping          |       |     1 |       |       ||     1
 Armour: Animal skin       |    52 |    10 |       |       ||    62
         Robe              |       |    48 |   271 |       ||   319
         Leather armour    |       |       |    19 |    27 ||    46
  Dodge: Dodged            |    79 |   103 |   503 |    38 ||   723
  Block: Buckler           |       |       |    66 |    18 ||    84
